 Dungeon Sprint DCSS version 0.28-a0-919-g0b5b508569 (webtiles) character file.

Game seed: 817959975440512468

8 SmokeWeed the Slasher (level 2, 0/26 HPs)
             Began as a Minotaur Gladiator on Nov 26, 2021.
             Slain by an ice beast (3 damage)
             ... in the Dungeon (Sprint IX: "|||||||||||||||||||||||||||||").
             The game lasted 00:00:16 (197 turns).

SmokeWeed the Slasher (Minotaur Gladiator)           Turns: 197, Time: 00:00:16

Health: 0/26       AC:  3    Str: 18    XL:     2   Next: 0%
Magic:  1/1        EV: 12    Int:  5    God:
Gold:   0          SH:  0    Dex: 11    Spells: 1/1 levels left

rFire   . . .      SeeInvis .   a - +0 long sword
rCold   . . .      Faith    .   (no shield)
rNeg    . . .      Spirit   .   b - +0 leather armour
rPois   .          Reflect  .   c - +0 hat
rElec   .          Harm     .   (no cloak)
rCorr   .          Rampage  .   (no gloves)
Will    .....      NoTele   +   (no boots)
Stlth   +.........              (no amulet)
HPRegen 0.08/turn               (no ring)
MPRegen 0.07/turn               (no ring)

@: no status effects
A: horns 2, retaliatory headbutt
a: no special abilities


You were in the Dungeon.
You visited 1 branch

Inventory:

Hand Weapons
 a - a +0 long sword (weapon)
Armour
 b - a +0 leather armour (worn)
 c - a +0 hat (worn)
Scrolls
 j - a scroll of blinking
Potions
 e - a potion of curing
 f - a potion of heal wounds
 g - a potion of haste
 h - 2 potions of magic
 i - a potion of berserk rage


   Skills:
 + Level 3.4 Fighting
 + Level 4.3 Long Blades
 + Level 2.1 Throwing
 + Level 1.1 Armour
 + Level 4.2 Dodging


You had one spell level left.
You didn't know any spells.
Your spell library was empty.

Dungeon Overview and Level Annotations

Branches:
Dungeon (1/1)

Altars:


Innate Abilities, Weirdness & Mutations

You have a pair of horns on your head.
You reflexively headbutt those who attack you in melee.


Message History

Your Dodging skill increases to level 4!
You barely miss the ball python. The ball python barely misses you.
You furiously retaliate!
You headbutt the ball python!
You kill the ball python!
Your Armour skill increases to level 1!
You have reached level 2!
You start resting.
HP restored.
You see here a dart slug corpse.
You open the door.
A hound, an ice beast, a phantom and 2 skeletons come into view.
Throw: 3 throwing nets
Press: ? - help, Q - select action Shift-Dir - straight line, f - ice beast
Aim: an ice beast (57% to hit)
You throw a throwing net.
The throwing net barely misses the ice beast.
The throwing net hits the hound.
The hound is caught in the net!
The ice beast barely misses you.
The hound struggles against the net.
Throw: 2 throwing nets
Press: ? - help, Q - select action Shift-Dir - straight line, f/p - ice beast
Aim: an ice beast (57% to hit)
You throw a throwing net.
The throwing net barely misses the ice beast.
The throwing net hits the hound.
The hound struggles against the net.
The ice beast hits you. The ice beast freezes you!
Throw: throwing net
Press: ? - help, Q - select action Shift-Dir - straight line, f/p - ice beast
Aim: an ice beast (57% to hit)
You throw a throwing net.
The throwing net closely misses the ice beast.
The throwing net hits the hound.
The hound struggles against the net.
The net rips apart, and the hound comes free!
The ice beast hits you. The ice beast freezes you!
* * * LOW HITPOINT WARNING * * *
You slash the ice beast! Your headbutt misses the ice beast.
The ice beast is heavily wounded.
The ice beast hits you.
You die... ▓▓▓▓▓▓▓▓▓▓▓▓▓▓▓▓▓▓ +ZZW(hY@.†..'...<▓ ▓▓▓▓▓▓▓▓▓▓▓▓▓▓▓▓▓▓

You could see a phantom, an ice beast, a hound, a bat skeleton and a quokka skeleton.

Vanquished Creatures
  A dart slug (D)
  A ball python (D)
  An endoplasm (D)
  A hobgoblin (D)
  A jackal (D)
5 creatures vanquished.

Notes
Turn   | Place    | Note
-------+----------+-------------------------------------------
     0 | D        | SmokeWeed the Minotaur Gladiator began the quest for the
                  | Orb.
     0 | D        | Reached XP level 1. HP: 18/18 MP: 0/0
    15 | D        | Reached skill level 1 in Armour
    15 | D        | Reached XP level 2. HP: 12/26 MP: 1/1
   193 | D        | Noticed a phantom
   193 | D        | Noticed an ice beast
   197 | D        | Slain by an ice beast

Illustrated notes

Levels and vault maps discovered:
D:        linesprint [early_d, line_temple, items_1, d_10, items_2, lair_1,
          lair_end, items_3, orc_1, orc_end, items_4, d_15, swamp_1, shoals_1,
          snake_1, spider_1, d_20, vaults_1, items_5, swamp_end, shoals_end,
          snake_end, spider_end, vaults_end, d_27, items_6, zot_1, zot_end,
          crypt_end, forest_end, elf_end, slime_end, tomb_end, abyss_end,
          pan_hell_end]

Skill      XL: |  1 |
---------------+----+-----
Long Blades    | 4 |  4.3
Fighting       | 3 |  3.4
Dodging        | 4 |  4.2
Armour         | 1 |  1.1
Throwing       | |  2.1

Action                   || total
-------------------------++-------
Melee: Long sword        ||     9
       Headbutt          ||     1
Throw: Throwing net      ||     3
Armor: Leather armour    ||     1
Dodge: Dodged            ||    10

Table legend: (Time is in decaauts)
 A = Elapsed time spent in this place.
 B = Non-inter-level travel time spent in this place.
 C = Inter-level travel time spent in this place.
 D = Time resting spent in this place.
 E = Time spent auto-exploring this place.
 F = Levels seen in this place.
 G = Mean time per level.
                   A        B        C        D        E       F      G
               +--------+--------+--------+--------+--------+-----+--------+
         Total |    198 |    198 |      0 |    175 |      0 |   1 |  198.0 |
       Dungeon |    198 |    198 |      0 |    175 |      0 |   1 |  198.0 |
               +--------+--------+--------+--------+--------+-----+--------+

Top non-repeatable levels by time:
       D: 198 daAuts
